 Dungeon Crawl Stone Soup version 0.29.1-4-g47bece8355 (webtiles) character file.

Game seed: 1565165813757693497

501047 matvey144 the Impregnable (level 23, -11/232 HPs)
             Began as a Minotaur Fighter on Dec 4, 2022.
             Was the Champion of the Shining One.
             Killed from afar by an electric golem (25 damage)
             ... with a bolt of lightning
             ... on level 1 of the Realm of Zot on Dec 9, 2022.
             The game lasted 06:01:05 (59869 turns).

matvey144 the Impregnable (Minotaur Fighter)       Turns: 59869, Time: 06:01:07

Health: -11/232    AC: 55    Str: 31    XL:     23   Next: 76%
Magic:  27/27      EV: 14    Int:  8    God:    the Shining One [******]
Gold:   2993       SH: 27    Dex: 13    Spells: 21/22 levels left

rFire   + + +      SeeInvis +   J - +5 morningstar (protect)
rCold   + + .      Faith    .   q - +4 tower shield {AC+3}
rNeg    + + +      Spirit   .   S - +8 gold dragon scales
rPois   +          Reflect  .   (helmet unavailable)
rElec   .          Harm     +   x - +1 cloak of Mumblety Peg {Harm rPois Will+ Stlth+}
rCorr   .          Rampage  .   K - +2 pair of gloves
Will    +++++      Clarity  +   A - +2 pair of boots of the Game Afoot {rPois Dex-5 Slay+4}
Stlth   ..........              W - amulet of the Four Winds {rN+ Will+++ Clar}
HPRegen 0.48/turn               C - +6 ring of dexterity
MPRegen 0.20/turn               k - ring "Vazist Gukya" {rF++ rC+ SInv Stlth+}

@: under a protective aura, glowing, studying Ice Magic
A: horns 3, retaliatory headbutt, clever 1, strong 1
}: 3/15 runes: decaying, abyssal, gossamer
a: Renounce Religion, Divine Shield, Cleansing Flame, Summon Divine Warrior


You were on level 1 of the Realm of Zot.
You worshipped the Shining One.
The Shining One was exalted by your worship.
You visited 9 branches of the dungeon, and saw 40 of its levels.
You visited the Abyss 1 time.
You also visited: Sewer, Ice Cave and Volcano.

You collected 4627 gold pieces.
You spent 1634 gold pieces at shops.

Inventory:

Hand Weapons
 v - a +6 sacred scourge of holy wrath
 J - a +5 morningstar of protection (weapon)
Missiles
 h - 86 poisoned darts
 o - 17 curare-tipped darts
 u - 11 atropa-tipped darts
 B - 2 silver boomerangs (quivered)
 D - a silver javelin
 F - 10 boomerangs of dispersal
 G - 2 datura-tipped darts
 P - 7 javelins
 U - 3 throwing nets
Armour
 q - a +4 tower shield of protection (worn)
 s - the +6 plate armour "Ziqaicyqyla" {Str+6}
   (You found it on level 5 of the Lair of Beasts)

   Str:       It affects your strength (+6).
 x - the +1 cloak of Mumblety Peg (worn) {Harm rPois Will+ Stlth+}
   (You acquired it on level 4 of the Vaults)

   rPois:     It protects you from poison.
   Harm:      It increases damage dealt and taken.
   Will:      It increases your willpower.
   Stlth:     It makes you more stealthy.
 A - the +2 pair of boots of the Game Afoot (worn) {rPois Dex-5 Slay+4}
   (You found it on level 2 of the Vaults)

   Dex:       It affects your dexterity (-5).
   Slay:      It affects your accuracy & damage with ranged weapons and melee
   (+4).
   rPois:     It protects you from poison.
 K - a +2 pair of gloves (worn)
 S - +8 gold dragon scales (worn)
Jewellery
 b - a ring of resist corrosion
 k - the ring "Vazist Gukya" (right hand) {rF++ rC+ SInv Stlth+}
   (You took it off a fire giant on level 2 of the Depths)

   [ring of protection from cold]

   rF:        It greatly protects you from fire.
   rC:        It protects you from cold.
   SInv:      It lets you see invisible.
   Stlth:     It makes you more stealthy.
 C - a +6 ring of dexterity (left hand)
 H - the ring of the Hare {EV+8}
   (You found it on level 2 of the Depths)

   [ring of evasion]

   EV:        It affects your evasion (+8).
 N - a ring of flight
 V - a ring of poison resistance
 W - the amulet of the Four Winds (around neck) {rN+ Will+++ Clar}
   (You bought it in a shop on level 2 of the Orcish Mines)

   [amulet of nothing]

   rN:        It protects you from negative energy.
   Clar:      It protects you against confusion.
   Will:      It greatly increases your willpower.
 Y - an amulet of regeneration
Wands
 e - a wand of mindburst (34)
 y - a wand of light (16)
 L - a wand of paralysis (37)
 M - a wand of roots (15)
 R - a wand of polymorph (13)
 T - a wand of digging (32)
 Z - a wand of flame (50)
Scrolls
 f - 6 scrolls of poison
 g - 7 scrolls of silence
 w - 11 scrolls of teleportation
 z - 4 scrolls of immolation
 E - 16 scrolls of identify
 I - a scroll of summoning
 O - 4 scrolls of fear
 Q - 6 scrolls of fog
 X - 2 scrolls of magic mapping
Potions
 a - a potion of attraction
 c - a potion of heal wounds
 d - 2 potions of resistance
 i - 9 potions of curing
 j - 6 potions of berserk rage
 l - 5 potions of ambrosia
 n - 7 potions of lignification
 p - 5 potions of haste
 r - 4 potions of brilliance
 t - 6 potions of might


   Skills:
 + Level 24.4 Fighting
 - Level 16.0 Maces & Flails
 - Level 10.0 Throwing
 + Level 26.1 Armour
 + Level 16.5 Dodging
 + Level 24.4 Shields
 - Level 7.0 Invocations
 - Level 5.0 Evocations


You had 21 spell levels left.
You knew the following spells:

 Your Spells              Type           Power      Damage    Failure   Level
a - Apportation           Tloc           0%         N/A       97%         1

Your spell library contained the following spells:

 Spells                   Type           Power      Damage    Failure   Level
 Magic Dart               Conj           0%         1d3       97%         1
 Necrotise                Necr           0%         1d4       97%         1
 Shock                    Conj/Air       0%         1d3       97%         1
 Summon Small Mammal      Summ           0%         N/A       97%         1
 Scorch                   Fire           0%         2d5       99%         2
 Searing Ray              Conj           0%         2d4       99%         2
 Dazzling Flash           Conj/Hex       0%         N/A       100%        3
 Frozen Ramparts          Ice            0%         1d1       100%        3
 Gell's Gravitas          Tloc           0%         N/A       100%        3
 Lesser Beckoning         Tloc           0%         N/A       100%        3
 Stone Arrow              Conj/Erth      0%         3d7       100%        3
 Swiftness                Air            0%         N/A       100%        3
 Teleport Other           Tloc           0%         N/A       100%        3
 Airstrike                Air            0%         2d(0-16)  100%        4
 Animate Armour           Summ/Erth      0%         N/A       100%        4
 Flame Wave               Conj/Fire      0%         2d4       100%        4
 Fulminant Prism          Conj/Hex       0%         3d6       100%        4
 Ice Form                 Ice/Tmut       0%         N/A       100%        4
 Iskenderun's Mystic Bla  Conj/Tloc      0%         2d3       100%        4
 Olgreb's Toxic Radiance  Pois           0%         N/A       100%        4
 Summon Ice Beast         Ice/Summ       0%         N/A       100%        4
 Summon Lightning Spire   Summ/Air       0%         N/A       100%        4
 Freezing Cloud           Conj/Ice/Air   0%         6-21      100%        5
 Iskenderun's Battlesphe  Conj           0%         2d6       100%        5
 Lee's Rapid Deconstruct  Erth           0%         3d5*      100%        5
 Dispersal                Tloc           0%         N/A       100%        6
 Iron Shot                Conj/Erth      0%         9d1       100%        6
 Starburst                Conj/Fire      0%         6d3       100%        6
 Summon Cactus Giant      Summ           0%         N/A       100%        6
 Dragon Form              Tmut           0%         N/A       100%        7
 Ozocubu's Refrigeration  Ice            0%         4d7       100%        7
 Spellforged Servitor     Conj/Summ      0%         N/A       100%        7
 Storm Form               Tmut/Air       0%         N/A       100%        7
 Ignition                 Fire           0%         3d3       100%        8
 Lehudib's Crystal Spear  Conj/Erth      0%         10d2      100%        8
 Maxwell's Capacitive Co  Air            0%         ∞         100%        8


Dungeon Overview and Level Annotations

Branches:
Dungeon (15/15)            Temple (1/1) D:6            Lair (5/5) D:11
  Swamp (4/4) Lair:2       Spider (4/4) Lair:3        Slime (0/5) Lair:4
    Orc (2/2) D:11            Elf (0/3) Orc:2        Vaults (4/5) D:14
  Crypt (0/3) Vaults:2     Depths (4/4) D:15            Zot (1/5) Depths:4
  Sewer (visited)           IceCv (visited)         Volcano (visited)

Altars:
Ashenzari
Cheibriados
Dithmenos
Elyvilon
Fedhas
Gozag
Hepliaklqana
Kikubaaqudgha
Makhleb
Nemelex Xobeh
Okawaru
Qazlal
Ru
Sif Muna
Trog
Uskayaw
Vehumet
Wu Jian
Xom
Yredelemnul
Zin
The Shining One

Shops:
D:1 *   D:10 =   Orc:2 =[*!*   Vaults:1 *:[[(   Vaults:2 :   Depths:1 *

Portals:
Hell: Depths:1 Depths:2 Depths:3 Depths:4
Abyss: Depths:3
Pandemonium: Depths:2
Ziggurat: Depths:2
Trove: D:15 (give 6 scrolls of fog)

Annotations:
Lair:3 exclusion: oklob plant
Swamp:2 Roxanne


Innate Abilities, Weirdness & Mutations

You have a pair of large horns on your head.
You reflexively headbutt those who attack you in melee.
Your mind is acute. (Int +4, Str/Dex -1)
Your muscles are strong. (Str +4, Int/Dex -1)


Message History

The green draconian monk is severely wounded.
You closely miss the green draconian monk.
The green draconian monk is severely wounded.
You block the green draconian's attack.
The purple draconian breathes dispelling energy at you.
The bolt of dispelling energy hits you!
* * * LOW HITPOINT WARNING * * *
You block the green draconian monk's attack.
The green draconian monk misses you.
The green draconian monk barely misses you.
The green draconian monk tail-slaps you but does no damage.
You sock the green draconian monk!
The green draconian monk is almost dead.
The electric golem blinks!
You block the purple draconian's attack.
The green draconian breathes poison at you.
The blast of poison engulfs you but does no damage.
You resist.
You block the green draconian monk's attack.
The green draconian monk kicks you but does no damage.
You block the green draconian monk's attack.
The green draconian monk tail-slaps you but does no damage.
You impale the green draconian monk!!
You kill the green draconian monk!
You block the purple draconian's attack.
The green draconian breathes poison at you.
The blast of poison misses you.
You block the green draconian's attack. x2
The purple draconian hits you but does no damage.
There is a broken door, spattered with blood here.
Things that are here:
a +2 scimitar of holy wrath; a +0 glaive You sock the green draconian!
The green draconian is almost dead.
The electric golem hurls lightning at you.
The bolt of lightning hits you!
* * * LOW HITPOINT WARNING * * *
The electric golem hurls lightning at you.
The bolt of lightning hits you!!
You die...

##.........####
...........#..##...#
...........#...#...#
...........#...+...#
...........#...#...#
.......)[..#..##...#
.......#d###'###...#
).....d#○)°........#
.......@°°.........#
.......#°°##.......#
.......#..##.......#
..######..'........#
.. #...#.9......#
#...#........#
#...#........#..^.
##..##.......#⌠...
##..##..##...#....


You could see an electric golem, a green draconian (catching breath) and a
purple draconian (catching breath).

Vanquished Creatures
  An ancient lich (Abyss:3)
  Mara (Swamp:4)
  A juggernaut (Depths:4)
  Bai Suzhen (Vaults:2)
  Sojobo (Depths:1)
  Boris (Vaults:4)
  Parghit (Depths:3)
  Margery (Depths:4)
  A caustic shrike (Depths:2)
  A golden dragon (Depths:4)
  2 bone dragons (Abyss:3)
  Jory (Vaults:4)
  Zenata (Vaults:2)
  5 liches
  2 tentacled monstrosities (Zot:1)
  Mlioglotl (Swamp:2)
  An Executioner (Abyss:3)
  9 tentacled starspawn
  A death cob (Zot:1)
  A thorn hunter (Swamp:4)
  5 sphinxes
  Gastronok (D:11)
  3 storm dragons
  12 tengu reavers
  Donald (Spider:1)
  3 draconian monks
  2 frost giants (Depths:3)
  A draconian knight (Zot:1)
  A fenstrider witch (Swamp:4)
  3 orc warlords
  Louise (Swamp:4)
  Aizul (Swamp:4)
  6 ghost moths
  A deep elf sorcerer (Abyss:3)
  7 vault wardens
  10 fire giants
  2 emperor scorpions
  2 spriggan defenders (Depths:3)
  2 balrugs
  19 ironbound preservers
  7 stone giants
  4 broodmothers
  15 very ugly things
  3 war gargoyles
  A draconian stormcaller (Depths:4)
  8 ironbound thunderhulks
  Nessos (Orc:2)
  A black draconian (Depths:4)
  5 eleionomae
  10 entropy weavers
  A vampire knight (Depths:2)
  A green draconian (Depths:4)
  A yellow draconian (Depths:4)
  3 purple draconians
  A deep elf annihilator (Vaults:4)
  A white draconian (Zot:1)
  5 bunyips
  13 dire elephants
  4 red draconians
  11 spark wasps
  2 crystal guardians
  8 ettins
  4 fire dragons
  A blizzard demon (Depths:1)
  A merfolk javelineer (Depths:3)
  6 vault guards
  5 great orbs of eyes
  3 shambling mangroves (Swamp:4)
  Fannar (Lair:1)
  4 yaktaur captains
  Harold (D:9)
  9 ice dragons
  A caustic shrike simulacrum (Abyss:3)
  3 ogre magi
  8 rakshasas
  5 spriggan air magi
  32 hydras
  7 boulder beetles
  Erica (D:11)
  A ghost crab (Swamp:2)
  A jorogumo (Spider:4)
  3 peacekeepers
  14 centaur warriors
  8 ironbound frosthearts
  5 two-headed ogres
  4 catoblepae
  9 alligators
  4 radroaches
  A death knight (D:12)
  5 deep troll shamans
  6 dancing weapons (Depths:4)
  7 tengu warriors
  3 orc high priests (Orc:2)
  A deep troll earth mage (Depths:3)
  4 death yaks (Lair:5)
  A hell hog (Abyss:3)
  2 vampire magi (Abyss:3)
  5 spriggan berserkers
  4 sun demons (Depths:1)
  11 thrashing horrors (Abyss:3)
  Nergalle (Lair:1)
  8 hell knights
  Urug (D:11)
  A wretched star (Abyss:3)
  2 pharaoh ants
  51 deep trolls
  An iron troll (Depths:3)
  6 spatial maelstroms (Abyss:3)
  13 large abominations (Abyss:3)
  Lodul (D:13)
  A sea snake (shapeshifter) (D:15)
  12 swamp dragons
  3 spriggan druids
  5 glowing orange brains
  4 steelbarb worms
  2 shadow demons
  16 starcursed masses (Abyss:3)
  5 goliath frogs
  A deep troll (shapeshifter) (Abyss:3)
  5 orb spiders
  2 flayed ghosts
  2 phantasmal warriors
  Pikel (D:5)
  7 bog bodies
  13 lindwurms
  8 wizards
  2 tengu zombies (Vaults:2)
  A harpy (Vaults:1)
  3 necromancers
  11 orc knights
  18 ironbound convokers
  An iron dragon zombie (Abyss:3)
  3 orc sorcerers (Orc:2)
  47 ugly things
  2 deep elf pyromancers
  8 deep elf zephyrmancers (Orc:1)
  18 wolf spiders
  5 manticores
  2 will-o-the-wisps (Swamp:3)
  A manticore (shapeshifter) (D:15)
  7 cyclopes
  6 moths of wrath
  2 worldbinders (Abyss:3)
  A guardian serpent (Lair:5)
  A fire giant skeleton (Vaults:2)
  2 ice statues (IceCv)
  10 vault sentinels
  11 black mambas
  An elf zombie (Vaults:3)
  Joseph (D:9)
  7 elephants (Lair:4)
  6 orange demons
  2 smoke demons (Abyss:3)
  8 torpor snails
  A rust devil (Abyss:3)
  15 cane toads
  A human zombie (Vaults:2)
  3 gargoyles
  An apocalypse crab (Abyss:3)
  An unseen horror (shapeshifter) (Abyss:3)
  4 rime drakes
  11 demonic crawlers
  A kobold demonologist (D:13)
  17 yaktaurs
  2 efreet
  3 hellwings (Abyss:3)
  A hellion (Abyss:3)
  3 freezing wraiths
  16 komodo dragons
  4 ice devils (Depths:1)
  6 tengu conjurers
  3 ancient zymes (Abyss:3)
  A tormentor (Abyss:3)
  A red devil (Abyss:3)
  A bloated husk (Swamp:2)
  3 meliai (Spider:2)
  2 polar bears
  5 trolls
  A harpy skeleton (Abyss:3)
  38 tarantellas
  26 hornets
  3 blink frogs (Lair:5)
  6 raiju (Abyss:3)
  Grinder (D:3)
  37 slime creatures
  13 tyrant leeches
  15 dream sheep
  Sigmund (D:2)
  6 ynoxinuls
  A vampire (D:12)
  4 water elementals (Depths:3)
  17 spriggans
  A wraith (D:13)
  24 culicivoras
  29 jumping spiders
  41 yaks
  A human (shapeshifter) (D:15)
  8 humans (D:14)
  A yak (shapeshifter) (Abyss:3)
  20 wyverns
  8 basilisks
  2 golden eyes (Abyss:3)
  10 small abominations (Abyss:3)
  15 vampire mosquitoes
  5 neqoxecs
  45 redbacks
  2 chaos spawn (Abyss:3)
  A fire elemental (Volcano)
  Edmund (D:5)
  17 swamp worms
  5 spatial vortices (Abyss:3)
  A harpy simulacrum (Abyss:3)
  2 wargs
  An acid dragon (D:14)
  2 hell hounds (Orc:1)
  Duvessa (D:5)
  A swamp worm (shapeshifter) (Depths:2)
  18 water moccasins
  A floating eye (Depths:2)
  6 black bears
  A sky beast (D:8)
  7 swamp drakes
  16 orc warriors
  5 ice beasts
  14 ogres
  7 wolves
  7 centaurs
  A lemure (D:5)
  10 kobold brigands
  16 bullfrogs
  5 scorpions
  2 cane toad simulacra (IceCv)
  2 human skeletons (Vaults:3)
  16 wights
  Dowan (D:5)
  An elephant simulacrum (IceCv)
  6 killer bees (D:10)
  An electric eel (Lair:5)
  A crimson imp (Depths:1)
  4 howler monkeys
  2 jellies
  A quasit (Abyss:3)
  3 hounds
  9 orc priests
  12 iguanas
  Natasha (thrice) (D:2)
  16 orc wizards
  A wolf simulacrum (IceCv)
  16 adders
  14 white imps
  3 ufetubi
  3 worms
  2 dart slugs
  61 orcs
  19 ball pythons
  6 bats
  12 endoplasms
  12 giant cockroaches
  14 goblins
  8 hobgoblins
  2 jackals (D:1)
  17 kobolds
  9 quokkas
  9 frilled lizards
  7 rats
  2 briar patches (Swamp:4)
  A butterfly (D:6)
  A lurking horror (Abyss:3)
1705 creatures vanquished.

Vanquished Creatures (others)
  An alligator (Swamp:3)
  A bloated husk (Swamp:1)
  A human (D:14)
  A redback (Spider:4)
  2 swamp drakes
  An orc priest (Orc:2)
  A briar patch (Swamp:4)
  14 foxfires (Swamp:3)
  64 fungi
  112 plants
  20 starspawn tentacles
218 creatures vanquished.

Grand Total: 1923 creatures vanquished

Notes
Turn   | Place    | Note
-------+----------+-------------------------------------------
     0 | D:1      | matvey144 the Minotaur Fighter began the quest for the Orb.
     0 | D:1      | Reached XP level 1. HP: 19/19 MP: 0/0
   205 | D:1      | Reached XP level 2. HP: 26/27 MP: 1/1
   325 | D:1      | Found Odghoihum's General Store.
   400 | D:1      | Reached skill level 4 in Armour
   438 | D:1      | Reached XP level 3. HP: 33/33 MP: 2/2
   786 | D:1      | Found a faded altar of an unknown god.
   948 | D:2      | Noticed Sigmund
   955 | D:2      | Killed Sigmund
   956 | D:2      | Reached XP level 4. HP: 13/41 MP: 3/3
   956 | D:2      | Reached XP level 5. HP: 15/47 MP: 4/4
  1552 | D:2      | Reached skill level 5 in Maces & Flails
  1739 | D:2      | Noticed Natasha
  1744 | D:2      | Killed Natasha
  1745 | D:2      | Reached XP level 6. HP: 55/55 MP: 5/5
  1868 | D:2      | Noticed Natasha
  1873 | D:2      | Killed Natasha
  1890 | D:3      | Found a glowing drain.
  1915 | Sewer    | Entered a sewer
  1937 | Sewer    | Reached skill level 5 in Shields
  2041 | Sewer    | Reached skill level 5 in Armour
  2135 | Sewer    | Reached skill level 5 in Fighting
  2321 | Sewer    | Reached XP level 7. HP: 37/61 MP: 6/6
  2635 | D:3      | Noticed Grinder
  2649 | D:3      | Killed Grinder
  3377 | D:3      | Found a hazy altar of Hepliaklqana.
  3807 | D:4      | Found a sparkling altar of Nemelex Xobeh.
  3923 | D:4      | Reached skill level 6 in Armour
  3945 | D:4      | Found a shadowy altar of Dithmenos.
  4767 | D:5      | Entered Level 5 of the Dungeon
  4785 | D:5      | Reached XP level 8. HP: 70/70 MP: 7/7
  4853 | D:5      | Noticed Pikel
  4866 | D:5      | Killed Pikel
  5073 | D:5      | Reached skill level 7 in Armour
  5187 | D:5      | Noticed Duvessa
  5187 | D:5      | Noticed Dowan
  5196 | D:5      | Killed Duvessa
  5209 | D:5      | Killed Dowan
  5210 | D:5      | Reached XP level 9. HP: 8/79 MP: 8/8
  5651 | D:5      | Noticed Edmund
  5668 | D:5      | Killed Edmund
  6260 | D:5      | Reached skill level 10 in Maces & Flails
  6265 | D:5      | Found a white marble altar of Elyvilon.
  6433 | D:5      | Became a worshipper of Elyvilon the Healer
  6531 | D:6      | Found a sacrificial altar of Ru.
  6648 | D:6      | Reached skill level 8 in Armour
  6858 | D:6      | Found a staircase to the Ecumenical Temple.
  6867 | Temple   | Entered the Ecumenical Temple
  6886 | Temple   | Fell from the grace of Elyvilon
  6886 | Temple   | Became a worshipper of the Shining One
  7569 | D:7      | Reached XP level 10. HP: 90/90 MP: 9/9
  8153 | D:8      | Reached * piety under the Shining One
  8157 | D:8      | Reached skill level 9 in Armour
  8720 | D:8      | Found a radiant altar of Vehumet.
  9254 | D:9      | Found an iron altar of Okawaru.
  9563 | D:9      | Found a shimmering altar of Xom.
  9590 | D:9      | Noticed Joseph
  9605 | D:9      | Killed Joseph
  9791 | D:9      | Noticed Harold
  9802 | D:9      | Killed Harold
  9882 | D:9      | Found a hide-covered altar of Uskayaw.
 10152 | D:10     | Entered Level 10 of the Dungeon
 10363 | D:10     | Reached ** piety under the Shining One
 10394 | D:10     | Reached XP level 11. HP: 99/99 MP: 10/10
 10540 | D:10     | Found Bokeda's Jewellery Emporium.
 10980 | D:10     | Found a stormy altar of Qazlal.
 11227 | D:2      | Noticed Natasha
 11233 | D:2      | Killed Natasha
 11234 | D:2      | Reached skill level 10 in Shields
 11268 | D:1      | Bought a scroll of identify for 20 gold pieces
 11268 | D:1      | Bought a +0 tower shield for 45 gold pieces
 11555 | D:11     | Reached skill level 10 in Armour
 11576 | D:11     | Noticed Gastronok
 11595 | D:11     | Reached skill level 10 in Fighting
 11596 | D:11     | Killed Gastronok
 12004 | D:11     | Noticed Erica
 12010 | D:11     | Paralysed by something for 2 turns
 12014 | D:11     | Paralysed by Erica for 3 turns
 12021 | D:11     | Killed Erica
 12026 | D:11     | Found a white marble altar of Elyvilon.
 12128 | D:11     | Noticed Urug
 12141 | D:11     | Killed Urug
 12386 | D:11     | Found a staircase to the Orcish Mines.
 12423 | D:11     | Noticed a two-headed ogre
 12454 | D:11     | Killed a two-headed ogre
 12455 | D:11     | Reached skill level 11 in Armour
 12633 | D:11     | Noticed a green ugly thing
 12639 | D:11     | Killed a green ugly thing
 12746 | D:11     | Found a staircase to the Lair.
 12788 | Lair:1   | Entered Level 1 of the Lair of Beasts
 12788 | Lair:1   | Noticed Fannar
 12788 | Lair:1   | Noticed Nergalle
 12794 | Lair:1   | Killed Nergalle
 12802 | Lair:1   | Killed Fannar
 12803 | Lair:1   | Reached XP level 12. HP: 110/110 MP: 11/11
 12890 | Lair:1   | Reached skill level 15 in Maces & Flails
 12926 | Lair:1   | Noticed a catoblepas
 12937 | Lair:1   | Killed a catoblepas
 13045 | Lair:1   | Noticed a five-headed hydra
 13050 | Lair:1   | Killed a five-headed hydra
 13157 | Lair:1   | Reached *** piety under the Shining One
 13211 | Lair:1   | Found a frozen archway.
 13235 | IceCv    | Entered an ice cave
 13252 | IceCv    | Reached **** piety under the Shining One
 13260 | IceCv    | Found a transporter.
 13470 | IceCv    | Found a transporter.
 13524 | IceCv    | Reached skill level 1 in Invocations
 13788 | Lair:1   | Noticed a boulder beetle
 13800 | Lair:1   | Killed a boulder beetle
 14522 | Lair:2   | Identified a scroll of acquirement
 14522 | Lair:2   | Acquired a manual of Armour
 14673 | Lair:2   | Found the +1 Delatra's gloves {ID++}
 14685 | Lair:2   | Reached skill level 12 in Armour
 15000 | Lair:2   | Found a staircase to the Swamp.
 15509 | Lair:3   | Found the +11 plutonium sword {Contam Stlth-}
 15513 | Lair:3   | Reached skill level 1 in Throwing
 15720 | Lair:3   | Reached XP level 13. HP: 88/119 MP: 14/14
 15907 | Lair:3   | Reached skill level 13 in Armour
 16202 | Lair:3   | Found a hole to the Spider Nest.
 17288 | Lair:4   | Found a staircase to the Slime Pits.
 17374 | Lair:4   | Found a bloodstained altar of Trog.
 17705 | Lair:4   | Reached skill level 14 in Armour
 17887 | Lair:4   | Reached skill level 5 in Invocations
 18557 | Lair:5   | Entered Level 5 of the Lair of Beasts
 18709 | Lair:5   | Paralysed by a hornet for 1 turns
 18887 | Lair:5   | Reached skill level 5 in Throwing
 19159 | Lair:5   | Reached skill level 15 in Armour
 19176 | Lair:5   | Identified the +6 plate armour "Ziqaicyqyla" {Str+6}
 19350 | Lair:5   | Reached XP level 14. HP: 84/129 MP: 17/17
 19526 | Lair:5   | HP: 3/130 [wolf spider (10)]
 19529 | Lair:5   | Gained mutation: You are clumsy. (Dex -2) [potion of
                  | mutation]
 19529 | Lair:5   | Gained mutation: You sometimes lose your temper in combat.
                  | [potion of mutation]
 19961 | Lair:5   | Reached ***** piety under the Shining One
 20741 | Lair:5   | Found a runed translucent door.
 20752 | Lair:5   | Reached skill level 16 in Armour
 20848 | Lair:5   | Paralysed by a hornet for 2 turns
 21722 | Lair:5   | Lost mutation: You are clumsy. (Dex -2) [potion of
                  | mutation]
 21722 | Lair:5   | Lost mutation: You sometimes lose your temper in combat.
                  | [potion of mutation]
 21722 | Lair:5   | Gained mutation: Your mind is acute. (Int +4, Str/Dex -1)
                  | [potion of mutation]
 21722 | Lair:5   | Gained mutation: You have a pair of large horns on your
                  | head. [potion of mutation]
 21722 | Lair:5   | Gained mutation: Your muscles are strong. (Str +4, Int/Dex
                  | -1) [potion of mutation]
 22008 | D:1      | Bought a potion of heal wounds for 50 gold pieces
 22201 | Orc:1    | Entered Level 1 of the Orcish Mines
 22821 | Orc:1    | Found a dark tunnel.
 22845 | Volcano  | Entered a volcano
 22851 | Volcano  | Reached skill level 17 in Armour
 22895 | Volcano  | Identified the +1 helmet "Oshranaitt" {rPois rN+ rCorr
                  | Dex-3}
 23249 | Orc:2    | Entered Level 2 of the Orcish Mines
 24066 | Orc:2    | Noticed Nessos
 24082 | Orc:2    | Killed Nessos
 24378 | Orc:2    | Found Tichote's General Store.
 24456 | Orc:2    | Found a staircase to the Elven Halls.
 24584 | Orc:2    | Reached skill level 15 in Fighting
 24584 | Orc:2    | Reached skill level 15 in Shields
 24794 | Orc:2    | Reached XP level 15. HP: 84/141 MP: 19/19
 24812 | Orc:2    | Found Reatu Wash's Distillery.
 24812 | Orc:2    | Found Zodum's Jewellery Boutique.
 24814 | Orc:2    | Found Hahas's Assorted Antiques.
 24814 | Orc:2    | Found Eduging's Armour Boutique.
 25053 | Orc:2    | Bought a potion of might for 60 gold pieces
 25053 | Orc:2    | Bought a potion of heal wounds for 75 gold pieces
 25053 | Orc:2    | Bought a potion of heal wounds for 75 gold pieces
 25108 | Orc:2    | Bought the amulet of the Four Winds {rN+ Will+++ Clar} for
                  | 1031 gold pieces
 25108 | Orc:2    | Found the amulet of the Four Winds {rN+ Will+++ Clar}
 25619 | D:12     | Reached skill level 18 in Armour
 25836 | D:12     | Reached ****** piety under the Shining One
 26200 | D:13     | Noticed Lodul
 26208 | D:13     | Killed Lodul
 26478 | D:13     | Reached skill level 19 in Armour
 26478 | D:13     | Reached XP level 16. HP: 151/151 MP: 20/20
 26914 | D:14     | Noticed a sphinx
 27291 | D:14     | Killed a sphinx
 27996 | D:14     | Found a gate to the Vaults.
 28149 | D:15     | Entered Level 15 of the Dungeon
 28846 | D:15     | Found a portal to a secret trove of treasure.
 29009 | D:15     | Found a staircase to the Depths.
 29354 | Swamp:1  | Entered Level 1 of the Swamp
 29636 | Swamp:1  | Identified the +1 helmet of Weightlessness {rC- Will++
                  | Str+7}
 30089 | Swamp:2  | You fall into a shaft and drop 1 floor!
 30124 | Swamp:3  | Reached XP level 17. HP: 85/161 MP: 21/21
 30382 | Swamp:3  | HP: 7/161 [goliath frog (3)]
 30382 | Swamp:3  | The Shining One protects you from harm!
 30455 | Swamp:3  | HP: 8/161 [tyrant leech (10)]
 30468 | Swamp:3  | Reached skill level 20 in Armour
 31346 | Swamp:2  | HP: 8/162 [seven-headed hydra[a spriggan druid] (1)]
 31361 | Swamp:2  | HP: 8/162 [seven-headed hydra[a spriggan druid] (8)]
 31760 | Swamp:2  | Noticed Mlioglotl
 31767 | Swamp:2  | Noticed a lich
 31776 | Swamp:2  | Paralysed by accursed screaming for 2 turns
 31784 | Swamp:2  | Killed Mlioglotl
 32094 | Swamp:2  | Identified Roxanne's Grimoire of Evolution
 32094 | Swamp:2  | Noticed Roxanne
 33068 | Swamp:4  | Entered Level 4 of the Swamp
 33167 | Swamp:4  | Noticed Aizul
 33189 | Swamp:4  | Killed Aizul
 33219 | Swamp:4  | Reached skill level 10 in Throwing
 33804 | Swamp:4  | Reached skill level 1 in Evocations
 33982 | Swamp:4  | Noticed Louise
 33999 | Swamp:4  | Killed Louise
 34578 | Swamp:4  | Noticed Mara
 34587 | Swamp:4  | Noticed matvey144's illusion
 34600 | Swamp:4  | Killed Mara
 34791 | Swamp:4  | Identified a +3 sacred scourge of holy wrath (a +1 demon
                  | whip of venom blessed by the Shining One)
 34791 | Swamp:4  | Received a gift from the Shining One
 35395 | Swamp:4  | Reached skill level 21 in Armour
 35471 | Swamp:4  | Got a decaying rune of Zot
 35723 | Spider:1 | Entered Level 1 of the Spider Nest
 35879 | Spider:1 | Reached XP level 18. HP: 173/173 MP: 22/22
 36610 | Spider:1 | Noticed Donald
 36615 | Spider:1 | Killed Donald
 38013 | Spider:2 | Reached skill level 5 in Evocations
 38151 | Spider:2 | Reached skill level 5 in Dodging
 38151 | Spider:2 | Reached XP level 19. HP: 181/181 MP: 23/23
 38636 | Spider:3 | Learned a level 1 spell: Apportation
 39993 | Spider:4 | Entered Level 4 of the Spider Nest
 40977 | Spider:4 | Reached skill level 22 in Armour
 41245 | Spider:4 | Got a gossamer rune of Zot
 42304 | Vaults:1 | Entered Level 1 of the Vaults
 42304 | Vaults:1 | Found Enguu's General Store.
 42343 | Vaults:1 | Bought a scroll of enchant weapon for 120 gold pieces
 42343 | Vaults:1 | Bought 2 atropa-tipped darts for 19 gold pieces
 42343 | Vaults:1 | Bought a potion of curing for 48 gold pieces
 42569 | Vaults:1 | Reached XP level 20. HP: 193/193 MP: 24/24
 42808 | Vaults:1 | Found Pomirghubb's Book Boutique.
 44154 | Vaults:1 | Found Laakun's Antique Weapon Shoppe.
 44164 | Vaults:1 | Identified the +1 quarterstaff of Peril {venom, *Corrode
                  | rF+ Stlth+}
 44596 | Vaults:1 | Found Caphuk Hish's Antique Armour Shoppe.
 44600 | Vaults:1 | Found Duujefuv's Armour Shop.
 44981 | Vaults:2 | Identified the +2 pair of boots of the Game Afoot {rPois
                  | Dex-5 Slay+4}
 45047 | Vaults:2 | Reached skill level 10 in Dodging
 45527 | Vaults:2 | Found Doej's Book Shop.
 45556 | Vaults:2 | Noticed Bai Suzhen
 45565 | Vaults:2 | Killed Bai Suzhen
 45670 | Vaults:2 | Noticed Zenata
 45680 | Vaults:2 | Killed Zenata
 45681 | Vaults:2 | Found a staircase to the Crypt.
 45937 | Vaults:2 | Identified the +4 chain mail of the Lion {Will+++ rCorr
                  | Str-5 Stlth+}
 45954 | Vaults:2 | Reached skill level 23 in Armour
 47054 | Vaults:3 | Reached XP level 21. HP: 174/204 MP: 25/25
 49755 | Vaults:4 | Noticed Boris
 49772 | Vaults:4 | Killed Boris
 50111 | Vaults:4 | Acquired the +1 cloak of Mumblety Peg {Harm rPois Will+
                  | Stlth+}
 50180 | Vaults:4 | Reached skill level 24 in Armour
 50942 | Vaults:4 | Noticed Jory
 50954 | Vaults:4 | Killed Jory
 51713 | Vaults:4 | Found a radiant altar of Vehumet.
 51713 | Vaults:4 | Found the +4 robe of Folly {Brilliance Will-∞ Int+8}
 51720 | Vaults:4 | Identified the +0 hat of Gyod {Harm *Corrode rN++}
 52184 | Depths:1 | Entered Level 1 of the Depths
 52237 | Depths:1 | Found Hynami's General Store.
 52245 | Depths:1 | Bought a scroll of teleportation for 39 gold pieces
 52245 | Depths:1 | Bought a scroll of poison for 52 gold pieces
 52350 | Depths:1 | Found a gateway to Hell.
 52509 | Depths:1 | Noticed Sojobo
 52530 | Depths:1 | Killed Sojobo
 53021 | Depths:1 | Reached XP level 22. HP: 216/216 MP: 26/26
 53030 | Depths:1 | Got Sif Muna's Directory of Breezy Shapes
 53032 | Depths:1 | Identified the +6 trident "Nofric" {elec, *Corrode +Blink
                  | rElec rF++}
 53512 | Depths:2 | Found a one-way gate leading to the halls of Pandemonium.
 53676 | Depths:2 | Found a glowing silver altar of Zin.
 53783 | Depths:2 | Found a stormy altar of Qazlal.
 53876 | Depths:2 | Noticed a caustic shrike
 53882 | Depths:2 | Killed a caustic shrike
 53886 | Depths:2 | Paralysed by a floating eye for 3 turns
 54482 | Depths:2 | Found the ring of the Hare {EV+8}
 54486 | Depths:2 | Identified the ring "Vazist Gukya" {rF++ rC+ SInv Stlth+}
 54848 | Depths:2 | Found a one-way gateway to a ziggurat.
 55477 | Depths:3 | Found a one-way gate to the infinite horrors of the Abyss.
 55571 | Depths:3 | Reached skill level 25 in Armour
 55960 | Depths:3 | Noticed Parghit
 55997 | Depths:3 | Killed Parghit
 56760 | Depths:4 | Entered Level 4 of the Depths
 56802 | Depths:4 | Noticed a golden dragon
 56812 | Depths:4 | Killed a golden dragon
 56837 | Depths:4 | Reached skill level 15 in Dodging
 57159 | Depths:4 | Noticed Margery
 57170 | Depths:4 | Killed Margery
 57806 | Depths:4 | Found a gate to the Realm of Zot.
 57813 | Depths:4 | Reached XP level 23. HP: 216/227 MP: 27/27
 58180 | Depths:4 | Noticed a juggernaut
 58189 | Depths:4 | Killed a juggernaut
 58371 | Depths:3 | Voluntarily entered the Abyss.
 58442 | Abyss:2  | Found a corrupted altar of Lugonu.
 58548 | Abyss:3  | Found a corrupted altar of Lugonu.
 59327 | Abyss:3  | Paralysed by accursed screaming for 2 turns
 59383 | Abyss:3  | Noticed an ancient lich
 59391 | Abyss:3  | Killed an ancient lich
 59434 | Abyss:3  | Reached skill level 26 in Armour
 59470 | Abyss:3  | Got an abyssal rune of Zot
 59548 | Depths:3 | Escaped the Abyss
 59603 | Zot:1    | Entered Level 1 of the Realm of Zot
 59869 | Zot:1    | Killed from afar by an electric golem

Illustrated notes

Levels and vault maps discovered:
D:1:      lemuel_arrival_muddy, layout_basic,
          chequers_ecumenical_altar_simple_redux, serial_shops, shop
D:2:      layout_loops_ring, uniq_natasha, uniq_sigmund
D:3:      layout_basic, nicolae_hepliaklqana_hippocampus,
          cheibrodos_sewer_entry_drain, moated_statue,
          kennysheep_generic_room_6, uniq_grinder
D:4:      layout_layer_cave, nicolae_dithmenos_the_darkroom,
          nemelex_xobeh_ov_fountains_minmay, minmay_mini_jars
D:5:      layout_loops_ring, marbit_many_paths, uniq_pikel, uniq_edmund,
          uniq_duvessa
D:6:      layout_rooms, mainiacjoe_overflow_catwalk,
          minmay_temple_entry_butterflies, serial_curves, eino_curves_01,
          eino_curves_04, eino_curves_04, eino_curves_04, corexii_shack
D:7:      layout_cave_pools
D:8:      layout_cave_pools, nicolae_overflow_hidden_temple
D:9:      layout_basic, mainiacjoe_overflow_big_doors, xom_teletrap_fun,
          uniq_harold, uniq_joseph
D:10:     layout_irregular_city, mainiacjoe_overflow_alcove_2, serial_shops,
          shop
D:11:     layout_irregular_city, due_lair_maze_entry_diamond, orc_0_dummy,
          elyvilon_altar_5, uniq_urug, uniq_gastronok, uniq_erica
D:12:     nicolae_cairo_tiling, layout_rooms
D:13:     layout_small_grid, uniq_lodul
D:14:     cheibrodos_quadrivalence, layout_loops_ring,
          ximxim_vaults_locker_room, minivault_28
D:15:     gammafunk_enter_depths_forms, layout_small_grid, enter_trove_1,
          chequers_serial_rivers_small_a
Temple:   hellmonk_temple_two_chambers
Lair:1:   layout_cave_pods, portal_ice_cave_entry_imps, uniq_fannar,
          uniq_nergalle
Lair:2:   layout_cave_pods, minmay_swamp_entry_worms
Lair:3:   beast_lair_carwin_large_2, layout_hall_layers, spider_nest_entry_a,
          st_stairs_11, minivault_23, grunt_megastairs_5
Lair:4:   layout_cave_pods, slime_entry_1, basic_altar
Lair:5:   wormcave, layout_gridlike, hangedman_lair_tendril_chambers
Swamp:1:  layout_basic_swamp, nicolae_swamp_well_well_well
Swamp:2:  layout_basic_swamp, evilmike_swamp_ruin_house_2, uniq_roxanne,
          uniq_mlioglotl
Swamp:3:  layout_falls_marsh, hangedman_swamp_blocks
Swamp:4:  swamp_basic_johnstein, layout_basic_swamp, uniq_aizul, uniq_louise,
          uniq_mara
Spider:1: layout_chambers, uniq_donald
Spider:2: layout_cave_pods
Spider:3: layout_spider_delve
Spider:4: grunt_spider_rune_parallel, nicolae_crawler_farm
Orc:1:    layout_caves, enter_volcano_3, elves_outpost_lemuel
Orc:2:    grunt_orc_tribal_feast, layout_caves, serial_shops,
          nicolae_shop_behind_doors, nicolae_orc_pool_cavern, uniq_nessos
Vaults:1: vaults_dpeg_emergency_exit, v_rooms_6, dpeg_vaults_monster_box,
          nicolae_vaults_little_squares_3, v_misc_22, v_alt_pattern_6,
          nicolae_vaults_network_s, ontoclasm_vaults_chip, vaults_room_fours,
          vaults_room_door_ring, vaults_room_semicircle, layout_vaults_omnigrid,
          serial_shops, shop, nicolae_shop_trees,
          nicolae_shop_temple_entry_statues_fountains,
          nicolae_shop_hallway_plus, nicolae_shop_stone
Vaults:2: nicolae_vaults_ninety_degrees, nicolae_vaults_network_barrier,
          minmay_crypt_entry_nasty_monster, vaults_room_stairs_pillars,
          v_misc_16, hangedman_vaults_stream, v_rooms_3, hangedman_vaults_slice,
          ontoclasm_vaults_misaligned, v_rooms_5, vaults_room_pool,
          st_spiral_rooms, v_misc_24, nicolae_vaults_little_squares_1,
          vaults_dpeg_hooks, layout_vaults_ring, serial_shops,
          nicolae_shop_stone, uniq_bai_suzhen, uniq_zenata
Vaults:3: ontoclasm_vaults_ring_small, hangedman_vaults_hat, v_misc_33,
          ontoclasm_vaults_pinch, v_misc_9, nicolae_vaults_ring_of_whatevers,
          vaults_standard_mumra_x, nicolae_vaults_alarming,
          nicolae_vaults_c_with_doors, nicolae_vaults_sealed_display,
          ontoclasm_vaults_loading_screen, layout_vaults_big_cross
Vaults:4: nicolae_vaults_mini_display_case, v_misc_26,
          nicolae_vaults_network_periphery, vaults_mumra_chevron,
          hangedman_vaults_river_flow, vaults_room_octagon,
          nicolae_vaults_windows_and_doors_thing, vaults_dpeg_cross,
          nicolae_vaults_little_squares_4, ontoclasm_vaults_eye,
          grunt_tower_of_power, vaults_room_fancy_cross, nicolae_vaults_theta,
          vaults_room_semicircle, layout_vaults_omnibox, uniq_jory, uniq_boris
Depths:1: layout_long_grid, hell_entry, serial_shops, shop,
          minmay_misc_feat_five, corexii_leaking_fountain,
          minmay_fire_ice_demons, infiniplex_staircase_pool_lava, uniq_sojobo
Depths:2: minmay_concentric_multi, layout_gridville, enter_ziggurat_d,
          nicolae_qazlal_general_emergency, hell_entry, rand_demon_pan_entry_7,
          zin_statuary
Depths:3: nicolae_cairo_tiling_large_dashed, layout_cave_pools, abyss_entry,
          hell_entry, infiniplex_staircase_zigzag_2, uniq_parghit
Depths:4: grunt_zot_entry_tricorne, layout_cave_pools, hell_entry,
          nicolae_figureground_pulse, nicolae_danse_macabre, uniq_margery
Zot:1:    layout_gridville, grunt_ministairs_7

Skill      XL: |  1  2  3  4  5  6  7  8  9 10 11 12 13 14 15 16 17 18 19 20 21 22 23 |
---------------+----------------------------------------------------------------------+-----
Maces & Flails | 3 4 5 6 7 9 11 13 14 16 | 16.0
Armour         | 4 5 6 7 8 9 11 12 15 17 19 21 22 23 24 25 26 | 26.1
Fighting       | 4 5 6 7 8 9 11 12 13 15 16 17 18 19 21 22 23 24 | 24.4
Shields        | 4 5 6 7 8 9 11 12 13 15 16 17 18 19 21 22 23 24 | 24.4
Invocations    | 3 6 7 |  7.0
Throwing       | 2 5 7 8 10 | 10.0
Dodging        | 2 5 8 11 13 15 16 | 16.5
Evocations     | 3 5 |  5.0

Action                   |  1- 3 |  4- 6 |  7- 9 | 10-12 | 13-15 | 16-18 | 19-21 | 22-24 || total
-------------------------+-------+-------+-------+-------+-------+-------+-------+-------++-------
Melee: Flail             |    62 |   184 |   357 |   288 |       |       |       |       ||   891
       Headbutt          |    10 |    18 |    67 |   153 |   227 |   299 |   638 |   324 ||  1736
       Morningstar       |       |       |       |   266 |   806 |   982 |  1537 |   376 ||  3967
       Sacred scourge    |       |       |       |       |       |       |    29 |   543 ||   572
Throw: Dart              |       |       |     1 |       |     3 |     3 |       |       ||     7
       Boomerang         |       |       |       |       |       |     3 |     5 |       ||     8
Invok: Brand Weapon With |       |       |       |       |       |     1 |       |       ||     1
       Divine Shield     |       |       |       |       |       |       |       |     1 ||     1
Evoke: Wand              |       |       |       |       |       |       |     1 |     1 ||     2
  Use: Scroll            |     1 |     3 |     4 |    14 |     7 |    11 |     4 |     2 ||    46
       Potion            |     1 |       |     2 |    10 |    12 |    15 |     7 |     7 ||    54
Armor: Scale mail        |    41 |     1 |       |       |       |       |       |       ||    42
       Plate armour      |       |   179 |   201 |   286 |   461 |   835 |   832 |   307 ||  3101
       Gold dragon scale |       |       |       |       |       |       |       |    77 ||    77
Dodge: Dodged            |    36 |    71 |   119 |   223 |   266 |   501 |   559 |   291 ||  2066
Block: Buckler           |    19 |    61 |    82 |    56 |       |       |       |       ||   218
       Tower shield      |       |       |       |   201 |   767 |  1395 |  1964 |  1031 ||  5358
